[Event "Late-Titled-Tuesday-Blitz-January-23-2024"]
[Site "Chess.com"]
[Date "2024.01.23"]
[Round "8"]
[White "Fh2411"]
[Black "mfwagnerpeixoto"]
[Result "1/2-1/2"]
[WhiteElo "2562"]
[BlackElo "2322"]
[TimeControl "180+1"]
[EndTime "15:26:28 PST"]
[Termination "Game drawn - insufficient material"]

1. d4 Nf6 2. Nf3 e6 3. Bf4 b6 4. e3 Bb7 5. h3 Be7 6. Be2 O-O 7. O-O c5 8. a4 Nc6 9. Nc3 d6 10. Bh2 a6 11. Re1 Rc8 12. Bf1 cxd4 13. exd4 Na5 14. Nb1 Qc7 15. c3 Nc4 16. Bxc4 Qxc4 17. Nbd2 Qc6 18.
Nf1 Rfe8 19. Ne3 Bf8 20. Qe2 g6 21. Nc2 a5 22. Na3 e5 23. dxe5 dxe5 24. Nb5 Ra8 25. Bxe5 Nd7 26. Nbd4 Qd5 27. Qb5 Nxe5 28. Qxd5 Nxf3+ 29. Qxf3 Bxf3 30. Nxf3 Bc5 31. Kf1 Kf8 32. Rad1 Rxe1+ 33. Nxe1 Ke7 34. Ke2 h5 35. Nd3 Bd6 36. Kf3 Rc8 37.
Re1+ Kd7 38. Re4 f5 39. Rd4 Ke6 40. Nf4+ Bxf4 41. Kxf4 Rc6 42. h4 Kf6 43. g3 Re6 44. f3 Rc6 45. b3 Rxc3 46. Rd6+ Kg7 47. Rxb6 Rd3 48. Kg5 Rxf3 49. Rxg6+ Kf7 50. Kxh5 Rxb3 51. Kh6 Rb4 52. Rg5 Kf6 53. Rg8 Rxa4 54. Rf8+ Ke5 55. h5 Rg4 56. Ra8 Rxg3 57. Rxa5+ Kf4 58. Kh7 Rh3 59.
h6 Kg5 60. Ra6 f4 61. Ra5+ Kg4 62. Kg6 f3 63. h7 f2 64. Rg5+ Kf3 65. Rf5+ Ke2 66. Kg7 Rxh7+ 67. Kxh7 f1=Q 68. Rxf1 Kxf1 1/2-1/2

[Event "Late-Titled-Tuesday-Blitz-January-23-2024"]
[Site "Chess.com"]
[Date "2024.01.23"]
[Round "8"]
[White "Zhigalko_Sergei"]
[Black "KNVB"]
[Result "0-1"]
[WhiteElo "2953"]
[BlackElo "2783"]
[TimeControl "180+1"]
[EndTime "15:26:35 PST"]
[Termination "KNVB won on time"]

1. e4 b6 2. d4 Bb7 3. Bd3 e6 4. Nf3 d5 5. e5 Ba6 6. Bxa6 Nxa6 7. c4 Nb4 8. a3 Nc6 9. cxd5 Qxd5 10. Nc3 Qd7 11.
O-O Nge7 12. Be3 Nd5 13. Nxd5 Qxd5 14. Rc1 Qd7 15. Qc2 Ne7 16. Qxc7 Qxc7 17. Rxc7 Nd5 18. Rc2 h6 19. Rfc1 Kd7 20. Kf1 Be7 21. Ke2 Rhc8 22.
Rxc8 Rxc8 23. Rxc8 Kxc8 24. Kd3 h5 25. Bg5 Bf8 26. Bd2 Kd7 27. Ng5 Ke8 28. Ne4 Kd7 29. Ng5 Ke8 30. f3 Be7 31. Ne4 Kd7 32. g4 g6 33. gxh5 gxh5 34. Ng3 h4 35. Ne2 b5 36.
Nf4 Kc6 37. Ke4 Nxf4 38. Bxf4 a5 39. h3 a4 40. Bd2 Bd8 41. Be1 Bg5 42. f4 Be7 43.
Bd2 f5+ 44. exf6 Bxf6 45. Be1 Kd6 46. Bb4+ Kc6 47. Bf8 Kd7 48. Bh6 Be7 49. Bg5 Bd6 50. Bxh4 b4 51. axb4 Bxb4 52. Bf2 Bc3 53. Kd3 Bxb2 54.
Kc4 Bc1 55. Bg3 Ke7 56. h4 Kf6 57. h5 Kf5 58. h6 Kg6 59. f5+ exf5 60. d5 f4 61. Bh4 f3 62. d6 Bg5 63. Bxg5 f2 64.
d7 f1=Q+ 65. Kd5 Qd3+ 66. Ke6 Kxg5 67. h7 Qf5+ 68. Kd6 Qg6+ 69. Kc7 Qxh7 70. Kc6 Qxd7+ 71. Kxd7 a3 72. Kc6 a2 73. Kb5 a1=Q 74. Kb4 Qf6 0-1

[Event "Late-Titled-Tuesday-Blitz-January-23-2024"]
[Site "Chess.com"]
[Date "2024.01.23"]
[Round "8"]
[White "Grandmaster2B"]
[Black "Statham_01"]
[Result "0-1"]
[WhiteElo "2780"]
[BlackElo "2568"]
[TimeControl "180+1"]
[EndTime "15:26:38 PST"]
[Termination "Statham_01 won on time"]

1. Nf3 e5 2. Nxe5 Nc6 3. Nf3 d5 4. d4 Nf6 5. c4 Bb4+ 6. Bd2 dxc4 7. Bxb4 Nxb4 8. Qa4+ Nc6 9. Qxc4 Be6 10. Qd3 O-O 11. Nc3 Nb4 12. Qd2 c5 13. e3 Bf5 14. Rc1 Re8 15. a3 Nc6 16. dxc5 Qa5 17. Nb5 Qa4 18.
Nd6 Rad8 19. Bb5 Qg4 20. O-O Ne4 21. Qe2 Nxd6 22. cxd6 Rxd6 23. Rfd1 Rg6 24. Ne1 Qg5 25. Bd3 Nd4 26. Qf1 Bxd3 27. Rxd3 Nf5 28. Rdc3 h6 29.
Rc8 Rxc8 30. Rxc8+ Kh7 31. Rc3 Qg4 32. f3 Qg5 33. Qe2 Re6 34. Nc2 Qh4 35. e4 Ne7 36. Qf2 Qg5 37. Qe3 Qh4 38. Qxa7 Nc6 39. Qf2 Qg5 40. Qe3 Qh4 41. Rd3 Ne5 42. Rd4 Rc6 43.
Qe2 Rxc2 44. Qf1 Nc6 45. Rd1 Rxb2 46. Kh1 Qf6 47. a4 Qe5 48. Rb1 Rxb1 49. Qxb1 Qa5 50. h3 b6 51. Qc2 Ne5 52. f4 Ng6 53. g3 Qe1+ 54. Kg2 h5 55. h4 Qb4 56. e5 Qd4 57. Qf5 Qd2+ 58. Kh3 Qd1 59. Kg2 Qe2+ 60. Kh3 Kg8 61. Qc8+ Nf8 62. Qf5 Qf1+ 63. Kh2 Qf3 64. Qh3 Ne6 65. Qf5 g6 66. Qc2 Nd4 67.
Qb2 Nf5 68. Qg2 Qg4 69. Qf2 Qd1 0-1

[Event "Late-Titled-Tuesday-Blitz-January-23-2024"]
[Site "Chess.com"]
[Date "2024.01.23"]
[Round "8"]
[White "WPWPWP-2015"]
[Black "alexrustemov"]
[Result "0-1"]
[WhiteElo "2495"]
[BlackElo "2827"]
[TimeControl "180+1"]
[EndTime "15:26:41 PST"]
[Termination "alexrustemov won by checkmate"]

1. e4 e6 2. d4 d5 3. exd5 exd5 4. Nf3 Bf5 5. Be2 Bd6 6. O-O Ne7 7. Re1 Nbc6 8. c3 Qd7 9. Nbd2 O-O 10. Nf1 h6 11. Ne3 Bh7 12. a4 a6 13. b3 Rfe8 14. Ba3 Bf4 15.
Bf1 Ng6 16. g3 Bxe3 17. fxe3 Nge7 18. Nd2 Nf5 19. Qf3 Nce7 20. Bh3 Qc6 21. c4 dxc4 22. bxc4 Qxf3 23. Nxf3 Nd6 24. Nd2 Ne4 25. Nxe4 Bxe4 26. Bg2 Nf5 27. Bxe4 Rxe4 28. Kf2 Rae8 29. Bc1 Nxd4 30.
Rb1 b6 31. Bd2 Ne6 32. Rec1 a5 33. Ke2 Nc5 34. Rb5 Nxa4 35. Rd5 Nc5 36. Rc3 f6 37. Kd1 R4e5 38. Rd4 Kf7 39. Bc1 Ne4 40. Rc2 R5e6 41. Ke2 Rd6 42. Kd3 f5 43. Ba3 c5 44. Rxd6 Nxd6 45.
Rb2 Nc8 46. Rf2 Ke6 47. e4 Rd8+ 48. Ke3 fxe4 49. Bb2 Nd6 50. Bxg7 Nf5+ 51. Kxe4 Nxg7 52. Re2 Rd4+ 53. Kf3+ Kf7 54. Rb2 Rxc4 55. Rxb6 h5 56. Rb5 a4 57. Ra5 Ne6 58. Ke3 Kf6 59. h3 Rc3+ 60. Kf2 a3 61. g4 hxg4 62. hxg4 Rc2+ 63. Ke3 a2 64. Kd3 Rh2 65. Kc3 Ke5 66. g5 Rg2 67. g6 Rxg6 68. Rxa2 Kd5 69. Rd2+ Nd4 70. Rd3 Ra6 71.
Kb2 Kc4 72. Rc3+ Kb4 73. Rh3 Rg6 74. Rh2 Rg3 75. Rf2 c4 76. Ka2 c3 77. Rf4 Kc4 78. Rf8 Rg2+ 79. Ka3 Nb5+ 80. Ka4 Ra2# 0-1

[Event "Late-Titled-Tuesday-Blitz-January-23-2024"]
[Site "Chess.com"]
[Date "2024.01.23"]
[Round "8"]
[White "bescmelasti"]
[Black "DanylaBagrov"]
[Result "1-0"]
[WhiteElo "2703"]
[BlackElo "2529"]
[TimeControl "180+1"]
[EndTime "15:26:46 PST"]
[Termination "bescmelasti won by resignation"]

1. e4 d6 2. Nf3 Nf6 3. Nc3 e5 4. d4 Nbd7 5. Bc4 Be7 6. O-O O-O 7. a4 a5 8. h3 c6 9. Re1 exd4 10. Qxd4 Nc5 11. Be3 Ne6 12. Qd2 Nxe4 13. Nxe4 d5 14.
Bxd5 Qxd5 15. Qxd5 cxd5 16. Nc3 Bb4 17. Red1 Bxc3 18.
bxc3 Rd8 19. Ne5 f6 20. Nf3 Bd7 21. Rxd5 Bc6 22. Rxd8+ Rxd8 23. Bb6 Rd5 24. c4 Rh5 25. Ne1 Nf4 26. f3 Ne2+ 27. Kf2 Nc3 28. Bd4 Nxa4 29.
Nd3 Kf7 30. Ke3 Rf5 31. Nf4 g5 32. Nd5 b5 33. g4 Rxd5 34. cxd5 Bxd5 35. f4 Bg2 36. f5 Bd5 37. Kd3 Bc4+ 38. Kd2 Bd5 39. Re1 b4 40. Ra1 Bc6 41. Kd3 h6 42. Kc4 Bd7 43.
Kd5 Be8 44. Kd6 Bb5 45. Kc7 Ke7 46. Re1+ Kf7 47. Re6 Nc3 48. Rxf6+ Ke7 49. Bxc3 bxc3 50. Rb6 Ba4 51. Rxh6 Bxc2 52. Rc6 a4 53. Rxc3 Bb3 54.
Kc6 Kf6 55. Kd6 Bd1 56. Rc8 Bb3 57. Rf8+ Kg7 58. Ra8 Kf6 59. Kc5 Bc2 60. Kd4 Bd1 61.
Ra6+ Kf7 62. Ke5 Bb3 63. Ra7+ Kg8 64. Kf6 Kh8 65. Kg6 Bg8 66. Rxa4 Bh7+ 67. Kh6 Bg8 68. f6 Bb3 69. Ra8+ Bg8 70. Rxg8+ Kxg8 71. Kg6 Kf8 72. f7 Ke7 73. Kg7 Ke6 74. f8=Q Ke5 75. Qf5+ Kd4 76. Qxg5 Kd3 77. Qf5+ Kd2 78. h4 Kd1 79. h5 1-0

[Event "Late-Titled-Tuesday-Blitz-January-23-2024"]
[Site "Chess.com"]
[Date "2024.01.23"]
[Round "8"]
[White "greekplayer1"]
[Black "K_A_S_T_O_R"]
[Result "1/2-1/2"]
[WhiteElo "2731"]
[BlackElo "2897"]
[TimeControl "180+1"]
[EndTime "15:26:48 PST"]
[Termination "Game drawn by 50-move rule"]

1. e4 c5 2. Nf3 d6 3. d4 cxd4 4. Nxd4 Nf6 5. Nc3 a6 6. h3 e6 7. g4 h6 8. Bg2 Be7 9. h4 Nfd7 10.
g5 hxg5 11. hxg5 Rxh1+ 12. Bxh1 g6 13. Qg4 Nc6 14. Nxc6 bxc6 15. Be3 Ne5 16. Qh4 Nc4 17.
Qh8+ Bf8 18. Bf4 e5 19. Bc1 Be6 20. Qh4 Rb8 21. b3 Qa5 22. Qg3 Na3 23. Qd3 Rb4 24.
Bb2 Rd4 25. Qe2 Bc4 26. bxc4 Nxc4 27. Qg4 Kd8 28. Qf3 Nxb2 29. Kf1 Nc4 30. Qxf7 Be7 31.
Qg8+ Kc7 32. Ne2 Nd2+ 33. Kg1 Rb4 34. Qxg6 Rb1+ 35. Rxb1 Nxb1 36. Qf7 Kd8 37. Kg2 Qd2 38. Qg8+ Kc7 39. Ng3 Qxg5 40. Qf7 Nd2 41. Kh2 Qh4+ 42. Kg2 Nxe4 43. Nxe4 Qxe4+ 44. Kg1 Qg4+ 45. Bg2 Qg5 46.
Qc4 Qc1+ 47. Kh2 Qf4+ 48. Qxf4 exf4 49. Kh3 d5 50. Kg4 Bd6 51. Kf5 a5 52. Bf1 a4 53.
c4 d4 54. Ke4 c5 55. Bd3 a3 56. Kd5 Kd7 57. f3 Kc7 58. Be4 Bf8 59. Bd3 Kb6 60. Ke4 Ka5 61. Bc2 Kb4 62. Kd3 Be7 63. Bb3 Bh4 64. Bc2 Bf2 65. Bb3 Be3 66. Bc2 Ka5 67. Bb3 Kb6 68. Ke4 Kc6 69. Bc2 Kd6 70. Bd3 Ke6 71. Bc2 Kf6 72. Kd3 Kg5 73. Ke2 Kh4 74.
Bd3 Kg3 75. Bc2 Bc1 76. Bd3 Bb2 77. Bc2 Bc3 78. Bd3 Kh4 79. Bc2 Kg5 80. Bd3 Kf6 81. Bc2 Ke5 82. Kd3 Be1 83. Bd1 Bf2 84. Bc2 Be3 85. Bd1 Kd6 86. Ke4 Kc7 87. Kd3 Kb6 88. Bb3 Ka5 89. Kc2 Kb4 90. Kd3 Bf2 91. Kc2 Bg3 92.
Kd3 Ka5 93. Kc2 Kb6 94. Kd3 Kc7 95. Ke4 Kd6 96. Bc2 Ke6 97. Bd3 Kf6 98. Bc2 Kg5 99. Kd3 Kh4 100. Ke2 Bh2 101. Bd3 Bg1 102. Bc2 Be3 103.
Bd3 Bc1 104. Bc2 Bb2 105. Bd3 Bc3 106. Bc2 Kg5 107. Bd3 1/2-1/2

[Event "Late-Titled-Tuesday-Blitz-January-23-2024"]
[Site "Chess.com"]
[Date "2024.01.23"]
[Round "8"]
[White "Cluke86"]
[Black "SergioMoralesG"]
[Result "1/2-1/2"]
[WhiteElo "2271"]
[BlackElo "2445"]
[TimeControl "180+1"]
[EndTime "15:26:49 PST"]
[Termination "Game drawn by repetition"]

1. e4 c5 2. Nc3 Nc6 3. f4 g6 4. Nf3 Bg7 5. a4 d6 6. Bb5 Bd7 7. d3 a6 8. Bxc6 Bxc6 9. a5 e6 10. O-O Ne7 11. Be3 O-O 12. e5 Nd5 13. Nxd5 Bxd5 14. c3 Rc8 15. d4 cxd4 16. Bxd4 Qd7 17. exd6 Qxd6 18. Bxg7 Kxg7 19. Qd4+ Kg8 20. Ne5 Rfd8 21. Ng4 Qc5 22. Nh6+ Kf8 23. Qxc5+ Rxc5 24. Ng4 Bb3 25. Ne5 Rd2 26. Rf2 Rcd5 27. Nf3 Rd1+ 28. Rxd1 Rxd1+ 29. Rf1 Rd5 30. Ra1 Rd3 31. Kf2 Ke7 32.
Nd4 Bc4 33. Nf3 f6 34. Re1 Rd5 35. Ke3 Rxa5 36. Nd2 Bd5 37. g3 Ra2 38. c4 Bc6 39. b3 Kd6 40. Rd1 Kc5 41. Kd3 Kb4 42. Re1 Bd7 43. Re4 a5 44. Rd4 Bc6 45. Rd6 a4 46.
bxa4 Rxa4 47. Rxe6 Ra3+ 48. Kd4 Ra2 49. Kd3 Ra3+ 50.
Kd4 Ra1 51. Rxf6 Rd1 52. Ke3 Kc3 53. Rd6 Re1+ 54. Kf2 Rh1 55. c5 Rxh2+ 56. Ke3 Rg2 57. Ne4+ Bxe4 58. Kxe4 Rxg3 59. Rd7 Kc4 60. Rxb7 Kxc5 61.
Rc7+ Kd6 62. Rxh7 Rg1 63. Rg7 Ke6 64. Ra7 Re1+ 65. Kf3 Kf5 66. Ra5+ Kf6 67. Ra6+ Kg7 68. Kg4 Rg1+ 69. Kf3 Rb1 70. Kg4 Rb4 71. Kg5 Rb5+ 72. Kg4 Rc5 73. Rb6 Kh6 74. Ra6 Rc4 75. Rb6 Rd4 76.
Ra6 Kg7 77. Kg5 Rd5+ 78. Kg4 Rd1 79. Rb6 Rg1+ 80. Kf3 Rf1+ 81. Kg4 Rg1+ 82. Kf3 Rc1 83. Kg4 Rg1+ 1/2-1/2

[Event "Late-Titled-Tuesday-Blitz-January-23-2024"]
[Site "Chess.com"]
[Date "2024.01.23"]
[Round "8"]
[White "emeli_chess"]
[Black "MyDream003"]
[Result "0-1"]
[WhiteElo "2479"]
[BlackElo "2837"]
[TimeControl "180+1"]
[EndTime "15:26:53 PST"]
[Termination "MyDream003 won on time"]

1. d4 d5 2. c4 e6 3. Nc3 Nf6 4. cxd5 exd5 5. Bg5 Be7 6. e3 O-O 7. Bd3 c6 8. Qc2 Nbd7 9. Nf3 Re8 10. O-O Nf8 11. h3 Ng6 12. Ne5 Nd7 13. Bxe7 Qxe7 14. Nxg6 hxg6 15. Rfe1 Nf6 16. e4 dxe4 17. Nxe4 Nxe4 18.
Bxe4 Be6 19. d5 Bxd5 20. Bxd5 Qxe1+ 21. Rxe1 Rxe1+ 22. Kh2 cxd5 23. Qd2 Re5 24. f4 Re7 25. Qxd5 Rc8 26. f5 gxf5 27. Qxf5 Rce8 28. a4 a6 29. b4 Rd8 30. b5 axb5 31. Qxb5 Rd2 32. Qb4 Red7 33. a5 Ra2 34. Qb5 Rad2 35. Qb4 g6 36. Qc3 R2d6 37. Qc8+ Kh7 38. Qc3 Ra6 39. Qb4 Rad6 40.
Qc3 Rd5 41. Qb4 Re5 42. Qh4+ Kg7 43. Qb4 Rdd5 44. Qxb7 Rxa5 45. Qb2 Kh7 46. Qf2 Rf5 47. Qh4+ Kg7 48. Qd4+ Rfe5 49. Qc3 Rd5 50. Qb2 Kh7 51.
Qb4 Re2 52. Qh4+ Kg7 53. Qg3 Rdd2 54. Qc3+ Kh7 55. h4 Rxg2+ 56. Kh3 Rh2+ 57. Kg3 Rdg2+ 58. Kf4 Rxh4+ 59. Ke5 Rg5+ 60. Kf6 Rf5+ 61. Ke7 Re4+ 62. Kf8 Kh6 63. Qh3+ Kg5 64. Kg7 Kf4 65. Qh2+ Kf3 66. Qh1+ Kf4 67. Qh2+ Ke3 68. Qg1+ Ke2 69. Qg2+ Kd3 70.
Qb2 Rff4 71. Qb3+ Ke2 72. Qc2+ Kf3 73. Qd3+ Kg4 74. Qd1+ Rf3 75. Qg1+ Kf4 76. Kxf7 g5 77. Kg6 g4 78. Qc1+ Ree3 79. Kf6 Kg3+ 80. Kg5 Re5+ 81. Kg6 Kg2 82. Qc2+ Kg3 83. Qc7 Re3 84. Qc1 Re6+ 85. Kf7 Kg2 86. Qd2+ Re2 87. Qf4 R6e4 88. Qf5 g3 89. Kg6 Kg1 90. Qf3 g2 0-1

[Event "Late-Titled-Tuesday-Blitz-January-23-2024"]
[Site "Chess.com"]
[Date "2024.01.23"]
[Round "8"]
[White "Hirna2005"]
[Black "HajiyevKanan"]
[Result "0-1"]
[WhiteElo "2312"]
[BlackElo "2578"]
[TimeControl "180+1"]
[EndTime "15:27:01 PST"]
[Termination "HajiyevKanan won by resignation"]

1. e4 c6 2. Nc3 d5 3. Nf3 a6 4. d4 Bg4 5. Be2 e6 6. h3 Bh5 7. O-O Nf6 8. e5 Nfd7 9. Bg5 Qc7 10. Nb1 c5 11. c3 Nc6 12. Be3 cxd4 13. cxd4 Be7 14. Nc3 O-O 15. Rc1 Rac8 16. Qd2 b5 17. g4 Bg6 18. h4 h5 19. gxh5 Bxh5 20. Ng5 Bxe2 21. Qxe2 Bxg5 22. hxg5 g6 23. Kg2 Kg7 24.
Rh1 Rh8 25. Qf3 Rxh1 26. Rxh1 Qd8 27. Ne2 Ne7 28. Ng3 Nf5 29. Nxf5+ exf5 30. Qxd5 Nb6 31.
Qf3 Qd5 32. Rc1 Rxc1 33. Qxd5 Nxd5 34. Bxc1 Kf8 35. Kf3 Ke7 36. Ke2 Ke6 37. a3 Nb6 38. Kd3 Kd5 39. Bd2 Nc4 40. Bc3 Nb6 41. f3 Nd7 42. b3 Nf8 43. a4 Ne6 44. axb5 axb5 45. Bd2 Nxd4 46. b4 Nc6 47. f4 Nd4 48. Be3 Ne6 49. Bd2 Nd8 50. Be3 Nc6 51. Bd2 Na7 52. Be3 Nc8 53. Bc1 Nb6 54. Bd2 Nc4 55. Bc3 Na3 56. Bd4 Nc2 57. Bc5 Ne1+ 58. Ke2 Nc2 59. Kd3 Na3 60. Bd4 Nc4 61. Bc5 Kc6 62.
Kd4 Nd2 63. Be7 Nf3+ 64. Ke3 Ne1 65. Kd2 Ng2 66. Kd3 Nxf4+ 67. Kd4 Ne6+ 68. Ke3 Kd5 69.
Bd6 Kc4 70. Kf3 Kd3 71. Kf2 Ke4 72. Ke2 Nd4+ 73. Kd2 Ne6 74. Kc3 Nxg5 75. e6 Nxe6 76. Be7 Kd5 77. Kd3 f4 78. Ke2 g5 79. Kf3 f5 80. Bd8 g4+ 81. Kf2 Nd4 82. Bb6 Ke4 83.
Bc5 Ne6 84. Bb6 Ng5 85. Bc5 f3 86. Kg3 Ne6 87. Bf2 Nd4 88. Kh4 Nc2 89. Kg3 Nxb4 90. Kh4 Nd3 91. Kg3 b4 92. Bc5 Nxc5 0-1

[Event "Late-Titled-Tuesday-Blitz-January-23-2024"]
[Site "Chess.com"]
[Date "2024.01.23"]
[Round "8"]
[White "tgpgoat"]
[Black "Chessdreamer2020"]
[Result "1/2-1/2"]
[WhiteElo "2431"]
[BlackElo "2538"]
[TimeControl "180+1"]
[EndTime "15:28:01 PST"]
[Termination "Game drawn by repetition"]

1. Nf3 d6 2. g3 e5 3. d3 Nc6 4. Bg2 g6 5. O-O Bg7 6. c4 Nge7 7. Nc3 Be6 8. Rb1 f5 9. Ng5 Bg8 10. b4 h6 11. Nh3 Qd7 12. b5 Nd8 13. Bb2 g5 14. f4 g4 15. Nf2 exf4 16. gxf4 Ng6 17. e4 Nxf4 18. exf5 Nxg2 19. Kxg2 h5 20. Qe2+ Kf8 21.
f6 Bh6 22. Nd5 Bxd5+ 23. cxd5 Nf7 24. Qe7+ Qxe7 25. fxe7+ Kxe7 26. Rbe1+ Ne5 27. d4 Kd7 28. dxe5 dxe5 29. Rxe5 Bg7 30. Re2 Bxb2 31. Rxb2 Rae8 32. Rc2 Re3 33. Rfc1 Rc8 34. Rc3 Re5 35. Rd1 Kd6 36. Ra3 Ra8 37. Rad3 Rf8 38. R1d2 Rff5 39. h3 gxh3+ 40. Nxh3 Rxd5 41. Nf4 Rxd3 42. Rxd3+ Kc5 43. Ne6+ Kb6 44. a4 Re5 45. Nd4 Ka5 46. Rc3 Re7 47. Rc4 Kb6 48. Nb3 Re3 49. Rb4 a5 50. bxa6+ Kxa6 51. Nc5+ Ka5 52. Rxb7 c6 53. Rh7 Re5 54. Nd7 Rg5+ 55. Kf3 Kxa4 56. Ke3 Kb3 57. Nf6 c5 58. Ne4 Re5 59. Kf4 Rd5 60. Rb7+ Kc4 61. Ra7 Kd4 62. Ra4+ c4 63. Nd2 Rc5 64. Nf3+ Kd3 65. Ne5+ Kd4 66.
Nf3+ Kd5 67. Ke3 c3 68. Rh4 Ke6 69. Nd4+ Kf6 70. Kd3 Kg5 71. Rh2 h4 72. Nf3+ Kg4 73. Nxh4 c2 74. Rxc2 Rd5+ 75. Kc3 Rc5+ 76. Kb2 Rb5+ 77.
Kc1 Kxh4 78. Kd2 Rd5+ 79. Kc1 Kg5 80. Rc4 Kf5 81. Rc2 Ke5 82. Kb2 Rd3 83. Kc1 Ke4 84. Rd2 Ra3 85. Rc2 Ke3 86. Kb2 Ra7 87. Rc3+ Kd2 88.
Rc2+ Kd3 89. Rc3+ Kd4 90. Rc2 Rb7+ 91. Kc1 Kd3 92. Rd2+ Ke3 93. Rc2 Ra7 94. Kb2 Kd3 95. Rc3+ Kd4 96. Rc2 Rb7+ 97. Kc1 Rb3 98. Rd2+ Ke3 99.
Rc2 Ra3 100. Kb2 Ra5 101. Rc3+ Kd4 102. Rc2 Rf5 103. Kc1 Rf1+ 104. Kb2 Rf3 105. Kc1 Kd3 106. Kb2 Rf1 107. Rc3+ Kd4 108. Rc2 Rf3 109. Kc1 Ra3 110. Kb2 Ra5 111. Kc1 Ke4 112. Kb2 Kd3 113. Rc3+ Kd4 114. Rc2 Rb5+ 115. Kc1 Ke3 116. Rc3+ Kd4 117. Rc2 Ra5 118. Kb2 1/2-1/2

[Event "Late-Titled-Tuesday-Blitz-January-23-2024"]
[Site "Chess.com"]
[Date "2024.01.23"]
[Round "8"]
[White "rasmussvane"]
[Black "Rodalquilar"]
[Result "1/2-1/2"]
[WhiteElo "2969"]
[BlackElo "2763"]
[TimeControl "180+1"]
[EndTime "15:28:55 PST"]
[Termination "Game drawn by 50-move rule"]

1. Nf3 d5 2. g3 Nf6 3. Bg2 Bf5 4. O-O e6 5. c4 c6 6. Qb3 Qb6 7. d3 h6 8. cxd5 exd5 9. Qc2 Be7 10. Nc3 O-O 11. e4 dxe4 12. dxe4 Bh7 13. Be3 Qa5 14. a3 Nbd7 15. h3 Rfe8 16. Nd4 Bf8 17. Rae1 Rad8 18.
Nb3 Qa6 19. f4 Qc4 20. Nd2 Qa6 21. Nb3 Qc4 22. Rf2 Nxe4 23. Nxe4 Qxc2 24. Rxc2 Bxe4 25. Bxe4 Rxe4 26. Rce2 Rde8 27. Kf2 b6 28. Kf3 Nf6 29. Nd4 Rc8 30. Bf2 Rxe2 31. Rxe2 Bc5 32. Nf5 Bf8 33. Ne7+ Bxe7 34. Rxe7 Rd8 35. Rxa7 Rd3+ 36. Ke2 Rb3 37. Bd4 Nd5 38. Rb7 Rxg3 39. Bxb6 Rxh3 40. Bd4 Nxf4+ 41. Kf2 Rd3 42. Bc3 Nd5 43. Be1 Rh3 44. a4 Rh2+ 45. Kf3 Rh3+ 46. Ke2 Rh2+ 47. Kf3 Rc2 48. a5 Rc1 49. Bd2 Ra1 50. b4 Ra2 51. Be1 Ra3+ 52. Ke4 Re3+ 53. Kd4 Rxe1 54. a6 Ra1 55. a7 Nxb4 56. Rb8+ Kh7 57. a8=Q Rxa8 58. Rxa8 h5 59. Ke4 Nd5 60. Kf3 g5 61. Rc8 Kg6 62.
Rxc6+ f6 63. Rd6 Nf4 64. Rc6 Nh3 65. Kg3 Nf4 66. Kf3 h4 67. Kg4 Ng2 68. Rc3 f5+ 69.
Kf3 Nf4 70. Rc5 Kh5 71. Rxf5 Ng6 72. Rc5 Nf4 73. Rc8 Ng6 74. Rc7 Ne5+ 75. Ke4 Ng4 76. Kf3 Ne5+ 77. Ke4 Ng6 78. Kf3 g4+ 79. Kf2 Kg5 80.
Rc5+ Kf4 81. Rc4+ Kf5 82. Ke3 Ne5 83. Ra4 g3 84. Rxh4 Kg5 85. Rh8 Kf5 86. Rg8 g2 87. Rxg2 Ng4+ 88. Kf3 Ne5+ 89. Ke3 Ng4+ 90. Kd4 Kf4 91.
Re2 Kf5 92. Re8 Nf6 93. Re5+ Kf4 94. Rb5 Ng4 95. Rb1 Kf3 96. Rb3+ Kf4 97. Rb8 Kf5 98. Re8 Nf6 99. Re1 Ng4 100. Rf1+ Kg5 101. Rf3 Nf6 102. Ke5 Ng4+ 103. Ke6 Nh6 104. Ke5 Ng4+ 105. Ke4 Nf6+ 106. Kd4 Ng4 107. Rf1 Nf6 108. Ke5 Ng4+ 109. Ke6 Nh2 110. Rf5+ Kg4 111. Rf7 Kg5 112. Ke5 Ng4+ 113. Kd4 Kg6 114. Rf1 Kg5 115. Ke4 Nf6+ 116. Ke5 Ng4+ 117. Ke6 Nh2 118. Rc1 Ng4 119. Rc4 Ne3 120. Rc5+ Kf4 121. Ra5 Ng4 122. Ra4+ Kg5 123. Re4 Nf2 124. Re2 Ng4 125. Kd5 Kf4 126. Re1 Ne3+ 127. Kd4 Nf5+ 128. Kd3 Kf3 129. Rf1+ Kg4 130. Rf2 Ng3 131. Ke3 Nf5+ 132. Ke4 Ng3+ 133. Ke5 Nh1 134. Rf4+ Kg3 135. Kf5 Nf2 136. Rd4 Kf3 137. Ra4 1/2-1/2

[Event "Late-Titled-Tuesday-Blitz-January-23-2024"]
[Site "Chess.com"]
[Date "2024.01.23"]
[Round "9"]
[White "dosto07"]
[Black "wild3000"]
[Result "1-0"]
[WhiteElo "2539"]
[BlackElo "2457"]
[TimeControl "180+1"]
[EndTime "15:37:59 PST"]
[Termination "dosto07 won by resignation"]

1. e4 e6 2. d4 d5 3. Nd2 c5 4. exd5 exd5 5. Ngf3 Nf6 6. Bb5+ Nc6 7. O-O Be6 8. Re1 Be7 9. dxc5 Bxc5 10. Nb3 Be7 11.
Nbd4 O-O 12. Bxc6 bxc6 13. Nxc6 Qc7 14. Nxe7+ Qxe7 15. Bg5 h6 16. Bh4 g5 17. Nxg5 hxg5 18.
Bxg5 Kg7 19. Re3 Qb4 20. Rg3 Ne4 21. Bd2+ Nxg3 22. Bxb4 Rfb8 23. Qd4+ Kg8 24. hxg3 1-0

[Event "Late-Titled-Tuesday-Blitz-January-23-2024"]
[Site "Chess.com"]
[Date "2024.01.23"]
[Round "9"]
[White "kingofthenil"]
[Black "xakevicius91"]
[Result "1-0"]
[WhiteElo "2685"]
[BlackElo "2561"]
[TimeControl "180+1"]
[EndTime "15:38:00 PST"]
[Termination "kingofthenil won by resignation"]

1. e4 c5 2. d3 d5 3. g3 dxe4 4. dxe4 Qc7 5. Bf4 e5 6. Be3 Nc6 7. Nc3 Be6 8. Nd5 Bxd5 9. exd5 Nd4 10. c3 Nf5 11. Bb5+ Kd8 12. Bc1 Nf6 13. Nf3 a6 14.
Be2 Bd6 15. Bg5 Re8 16. O-O Qe7 17. Nd2 h6 18. Bxf6 Qxf6 19. Ne4 Qe7 20. Bg4 g6 21. Qb3 Qc7 22. Bxf5 gxf5 23. Nxd6 Qxd6 24. Qxb7 Rb8 25. Qxf7 Rxb2 26. Qxf5 Rf8 27. Qe4 Qf6 28. Qe3 Qf5 29. Qxc5 h5 30. Rae1 Rf6 31. d6 1-0

[Event "Late-Titled-Tuesday-Blitz-January-23-2024"]
[Site "Chess.com"]
[Date "2024.01.23"]
[Round "9"]
[White "KacperPolOK"]
[Black "Viktor_Poddubnyi"]
[Result "0-1"]
[WhiteElo "2490"]
[BlackElo "2295"]
[TimeControl "180+1"]
[EndTime "15:38:02 PST"]
[Termination "Viktor_Poddubnyi won by resignation"]

1. e4 g6 2. d4 Bg7 3. Nc3 d6 4. Bg5 c5 5. dxc5 Qa5 6. Bb5+ Bd7 7. Bxd7+ Nxd7 8. Bd2 Qxc5 9. Nge2 Ngf6 10. O-O O-O 11.
h3 a6 12. Be3 Qc7 13. Bd4 Rac8 14. Qd2 b5 15. a3 Nb6 16. Bxb6 Qxb6 17. Rad1 Rc4 18.
Kh1 Nxe4 19. b3 Nxd2 0-1

[Event "Late-Titled-Tuesday-Blitz-January-23-2024"]
[Site "Chess.com"]
[Date "2024.01.23"]
[Round "9"]
[White "chegueps"]
[Black "Igor_Lysyj"]
[Result "0-1"]
[WhiteElo "2668"]
[BlackElo "2886"]
[TimeControl "180+1"]
[EndTime "15:38:10 PST"]
[Termination "Igor_Lysyj won by resignation"]

1. d4 d5 2. Nf3 Nf6 3. c4 e6 4. g3 Be7 5. Bg2 O-O 6. O-O dxc4 7. Ne5 c5 8. dxc5 Qc7 9. Nxc4 Qxc5 10. b3 Rd8 11.
Qe1 Qh5 12. Nc3 Nc6 13. Bf3 Ng4 14. h4 Nd4 15. Bg2 Nc2 0-1

[Event "Late-Titled-Tuesday-Blitz-January-23-2024"]
[Site "Chess.com"]
[Date "2024.01.23"]
[Round "9"]
[White "HajiyevKanan"]
[Black "Korchmar_Vasiliy"]
[Result "1-0"]
[WhiteElo "2589"]
[BlackElo "2719"]
[TimeControl "180+1"]
[EndTime "15:38:29 PST"]
[Termination "HajiyevKanan won by checkmate"]

1. d4 d5 2. Nf3 Nf6 3. c4 c6 4. cxd5 cxd5 5. Nc3 Nc6 6. Bg5 Ne4 7. Bf4 e6 8. Qb3 Bb4 9. e3 Qa5 10. Rc1 f6 11. Bd3 g5 12. Bg3 h5 13. h4 Nxg3 14.
Bg6+ Kf8 15. fxg3 g4 16. Ng5 fxg5 17. O-O+ Kg7 18. Rf7+ Kxg6 19. Rcf1 Be7 20. Qc2+ Kh6 21. R1f6+ Bxf6 22. Rxf6+ Kg7 23. Qg6# 1-0

[Event "Late-Titled-Tuesday-Blitz-January-23-2024"]
[Site "Chess.com"]
[Date "2024.01.23"]
[Round "9"]
[White "alexrustemov"]
[Black "GiorgianBarbosa"]
[Result "1-0"]
[WhiteElo "2829"]
[BlackElo "2471"]
[TimeControl "180+1"]
[EndTime "15:38:29 PST"]
[Termination "alexrustemov won by resignation"]

1. d4 Nf6 2. c4 e6 3. Nf3 d5 4.
Nc3 Be7 5. Bg5 O-O 6. e3 c6 7. Rc1 b6 8. Bd3 Ne8 9. Bf4 Bb7 10. O-O Nd7 11. Qe2 Bd6 12. Bg5 Be7 13. Bxe7 Qxe7 14. e4 dxc4 15. Bxc4 e5 16. d5 Nc5 17. b4 Nd7 18.
dxc6 Bxc6 19. Bd5 Nb8 20. Bxc6 Nxc6 21. Nd5 Qd7 22. Rxc6 1-0

[Event "Late-Titled-Tuesday-Blitz-January-23-2024"]
[Site "Chess.com"]
[Date "2024.01.23"]
[Round "9"]
[White "GHANDEEVAM2003"]
[Black "Njal28"]
[Result "0-1"]
[WhiteElo "3075"]
[BlackElo "3080"]
[TimeControl "180+1"]
[EndTime "15:38:31 PST"]
[Termination "Njal28 won by checkmate"]

1. c4 Nf6 2. Nc3 e5 3. Nf3 Nc6 4. e3 Bb4 5. Nd5 e4 6. Nxb4 Nxb4 7. Nd4 c5 8. Nb3 d5 9. Nxc5 O-O 10. a3 Bg4 11. f3 exf3 12. gxf3 Ne4 13. Nxe4 dxe4 14. fxg4 Qh4+ 15. Ke2 Qxg4+ 16. Ke1 Qh4+ 17. Ke2 Nd3 18. Qb3 Qe1# 0-1

[Event "Late-Titled-Tuesday-Blitz-January-23-2024"]
[Site "Chess.com"]
[Date "2024.01.23"]
[Round "9"]
[White "Defenstrator"]
[Black "Hirna2005"]
[Result "1-0"]
[WhiteElo "2511"]
[BlackElo "2308"]
[TimeControl "180+1"]
[EndTime "15:38:34 PST"]
[Termination "Defenstrator won by checkmate"]

1. d4 g6 2. Bf4 Bg7 3. e4 d6 4. f3 c5 5. c3 cxd4 6. cxd4 Qb6 7. Nc3 Bxd4 8. Nd5 Qa5+ 9. b4 Qa3 10. Qxd4 e5 11. Bxe5 Nc6 12. Nc7+ Kf8 13. Bxd6+ Nce7 14. Qxh8 f6 15. Nd5 Be6 16. Bxe7+ Kf7 17. Qxh7+ Ke8 18. Qxg6+ Bf7 19. Bb5# 1-0